MLB
ATLANTA BRAVES @ PHILADELPHIA PHILLIES
09/12/2019
 
TOP OF THE 1ST
Atlanta Braves batting - Pitching for Philadelphia Phillies : RHP Emmanuel Ramirez
Pitching: RHP Emmanuel Ramirez
Batting: LHB Mallex Smith 0-0: Fly out, F7 (Line Drive, 7, EV 100.0 MPH)
Batting: RHB Adeiny Hechavarria 0-0: Ball
1-0: Called Strike
1-1: Ball
2-1: Swinging Strike
2-2: Foul Ball, location: 2F
2-2: Foul Ball, location: 2F
2-2: Strikes out swinging
Batting: LHB Ben Gamel 0-0: Ground out U3 (Groundball, 3, EV 81.3 MPH)
Top of the 1st over - 0 runs, 0 hits, 0 errors, 0 left on base; Atlanta 0 - Philadelphia 0
BOTTOM OF THE 1ST
Philadelphia Phillies batting - Pitching for Atlanta Braves : LHP Brent Suter
Pitching: LHP Brent Suter
Batting: LHB Leonys Martin 0-0: Foul Ball, location: 2F
0-1: Ball
1-1: Foul Ball, location: 2F
1-2: Ground out U3 (Groundball, 3, EV 91.3 MPH)
Batting: RHB Scott Kingery 0-0: Ball
1-0: Fly out, F8 (Flyball, 8LD, EV 90.6 MPH)
Batting: RHB Giancarlo Stanton 0-0: Called Strike
0-1: Ball
1-1: Swinging Strike
1-2: Foul Ball, location: 2F
1-2: Strikes out swinging
Bottom of the 1st over - 0 runs, 0 hits, 0 errors, 0 left on base; Atlanta 0 - Philadelphia 0
TOP OF THE 2ND
Atlanta Braves batting - Pitching for Philadelphia Phillies : RHP Emmanuel Ramirez
Batting: LHB Kole Calhoun 0-0: Ball
1-0: Ball
2-0: Foul Ball, location: 2F
2-1: Ball
3-1: Base on Balls
Batting: LHB Lucas Duda 0-0: Called Strike
0-1: Ball
1-1: Ball
Wild Pitch!
Kole Calhoun to second
2-1: Ball
3-1: Foul Ball, location: 2F
3-2: Base on Balls
Batting: RHB Pat Valaika 0-0: Ball
1-0: Grounds into double play, 5-4-3 (Groundball, 56, EV 105.6 MPH)
Kole Calhoun to third
Batting: RHB Jorge Alfaro 0-0: Called Strike
0-1: Foul Ball, location: 2F
0-2: Ball
1-2: Ball
2-2: Foul Ball, location: 2F
2-2: Ball
3-2: Strikes out swinging
Top of the 2nd over - 0 runs, 0 hits, 0 errors, 1 left on base; Atlanta 0 - Philadelphia 0
BOTTOM OF THE 2ND
Philadelphia Phillies batting - Pitching for Atlanta Braves : LHP Brent Suter
Batting: RHB Jesus Aguilar 0-0: Ball
1-0: Ball
2-0: Ball
3-0: Called Strike
3-1: Base on Balls
Batting: LHB David Peralta 0-0: Ball
1-0: Called Strike
1-1: Foul Ball, location: 2F
1-2: Ball
2-2: Fielders Choice at 2nd, 4-6 (Groundball, 4, EV 83.8 MPH)
Batting: RHB Todd Frazier 0-0: Ball
1-0: Fly out, F4 (Popup, 4S, EV 66.9 MPH)
Batting: RHB Josh Harrison 0-0: Called Strike
0-1: Ball
1-1: Swinging Strike
1-2: Ball
2-2: 2-RUN HOME RUN (Flyball, 7LD, EV 114.4 MPH), Distance : 352 ft
Batting: RHB Carson Kelly 0-0: Ball
1-0: Called Strike
1-1: Ball
2-1: Swinging Strike
2-2: Ground out 5-3 (Groundball, 56, EV 87.5 MPH)
Bottom of the 2nd over - 2 runs, 1 hit, 0 errors, 0 left on base; Atlanta 0 - Philadelphia 2
TOP OF THE 3RD
Atlanta Braves batting - Pitching for Philadelphia Phillies : RHP Emmanuel Ramirez
Batting: SHB Juniel Querecuto 0-0: Swinging Strike
0-1: Foul Ball, location: 2F
0-2: Ball
1-2: Ball
2-2: Foul Ball, location: 2F
2-2: Foul Ball, location: 2F
2-2: Strikes out looking
Batting: LHB Brent Suter 0-0: Called Strike
0-1: Swinging Strike
0-2: Strikes out swinging
Batting: LHB Mallex Smith 0-0: Ball
1-0: Ball
2-0: Called Strike
2-1: Ball
3-1: Swinging Strike
3-2: Base on Balls
Batting: RHB Adeiny Hechavarria 0-0: Foul Ball, location: 2F
0-1: Ball
1-1: Fielders Choice at 2nd, 5-4 (Groundball, 5, EV 89.4 MPH)
Top of the 3rd over - 0 runs, 0 hits, 0 errors, 1 left on base; Atlanta 0 - Philadelphia 2
BOTTOM OF THE 3RD
Philadelphia Phillies batting - Pitching for Atlanta Braves : LHP Brent Suter
Batting: RHB Emmanuel Ramirez 0-0: Ground out 3-1 (Groundball, 34, EV 90.0 MPH)
Batting: LHB Leonys Martin 0-0: Called Strike
0-1: Ball
1-1: Foul Ball, location: 2F
1-2: Foul Ball, location: 2F
1-2: Ball
2-2: Strikes out swinging
Batting: RHB Scott Kingery 0-0: Called Strike
0-1: Fly out, F8 (Line Drive, 8RM, EV 106.3 MPH)
Bottom of the 3rd over - 0 runs, 0 hits, 0 errors, 0 left on base; Atlanta 0 - Philadelphia 2
TOP OF THE 4TH
Atlanta Braves batting - Pitching for Philadelphia Phillies : RHP Emmanuel Ramirez
Batting: LHB Ben Gamel 0-0: Ball
1-0: Fly out, F7 (Line Drive, 7, EV 91.9 MPH)
Batting: LHB Kole Calhoun 0-0: Called Strike
0-1: Fly out, F8 (Flyball, 8RM, EV 78.1 MPH)
Batting: LHB Lucas Duda 0-0: Ball
1-0: Called Strike
1-1: Called Strike
1-2: Foul Ball, location: 2F
1-2: Fly out, F9 (Flyball, 9LS, EV 83.8 MPH)
Top of the 4th over - 0 runs, 0 hits, 0 errors, 0 left on base; Atlanta 0 - Philadelphia 2
BOTTOM OF THE 4TH
Philadelphia Phillies batting - Pitching for Atlanta Braves : LHP Brent Suter
Batting: RHB Giancarlo Stanton 0-0: Ball
1-0: Ball
2-0: Ball
3-0: Base on Balls
Batting: RHB Jesus Aguilar 0-0: Fielders Choice at 2nd, 6-4 (Groundball, 6, EV 89.4 MPH)
Batting: LHB David Peralta 0-0: Called Strike
0-1: Called Strike
0-2: SINGLE (Groundball, 34D, EV 101.9 MPH)
Jesus Aguilar to second
Runner from 2nd tries for 3rd, SAFE, throw by RF made to third
Batting: RHB Todd Frazier 0-0: Ball
1-0: Called Strike
1-1: Ball
2-1: Foul Ball, location: 2F
2-2: DOUBLE (Groundball, 5L, EV 109.4 MPH)
Jesus Aguilar scores
David Peralta to third
Batting: RHB Josh Harrison 0-0: Called Strike
0-1: Ball
1-1: Foul Ball, location: 2F
1-2: Ball
2-2: Ground out 6-3 (Groundball, 56D, EV 86.3 MPH)
David Peralta scores
Batting: RHB Carson Kelly 0-0: Intentional Walk
Batting: RHB Emmanuel Ramirez 0-0: Fielders Choice at 2nd, 5-4 (Groundball, 5, EV 87.5 MPH)
Bottom of the 4th over - 2 runs, 2 hits, 0 errors, 2 left on base; Atlanta 0 - Philadelphia 4
TOP OF THE 5TH
Atlanta Braves batting - Pitching for Philadelphia Phillies : RHP Emmanuel Ramirez
Batting: RHB Pat Valaika 0-0: DOUBLE (Line Drive, 89D, EV 101.3 MPH)
Batting: RHB Jorge Alfaro 0-0: Ball
1-0: Foul Ball, location: 2F
1-1: Swinging Strike
1-2: Strikes out swinging
Batting: SHB Juniel Querecuto 0-0: Ball
1-0: Swinging Strike
1-1: Foul Ball, location: 2F
1-2: Ball
2-2: Ball
3-2: Base on Balls
Batting: LHB Brent Suter 0-0: Ball
1-0: Sac Bunt to 5S - play at first, batter OUT! 5-4
Pat Valaika to third
Juniel Querecuto to second
Batting: LHB Mallex Smith 0-0: Called Strike
0-1: Ball
1-1: Called Strike
1-2: Strikes out swinging
Top of the 5th over - 0 runs, 1 hit, 0 errors, 2 left on base; Atlanta 0 - Philadelphia 4
BOTTOM OF THE 5TH
Philadelphia Phillies batting - Pitching for Atlanta Braves : LHP Brent Suter
Batting: LHB Leonys Martin 0-0: Fly out, F8 (Flyball, 8RXD, EV 98.1 MPH)
Batting: RHB Scott Kingery 0-0: Swinging Strike
0-1: Foul Ball, location: 2F
0-2: SINGLE (Groundball, 25, EV 70.0 MPH) (infield hit)
Batting: RHB Giancarlo Stanton 0-0: Ball
1-0: DOUBLE (Flyball, 8RXD, EV 95.0 MPH)
Scott Kingery to third
Batting: RHB Jesus Aguilar 0-0: Ground out 6-3 (Groundball, 6, EV 101.9 MPH)
Scott Kingery scores
Pitching: RHP Ivan Nova
Batting: LHB David Peralta 0-0: Ball
1-0: Called Strike
1-1: Ground out U3 (Groundball, 3S, EV 79.4 MPH)
Bottom of the 5th over - 1 run, 2 hits, 0 errors, 1 left on base; Atlanta 0 - Philadelphia 5
TOP OF THE 6TH
Atlanta Braves batting - Pitching for Philadelphia Phillies : RHP Emmanuel Ramirez
Batting: RHB Adeiny Hechavarria 0-0: Ball
1-0: Foul Ball, location: 2F
1-1: Ball
2-1: Foul Ball, location: 2F
2-2: Fly out, F3 (Popup, 3SF, EV 70.6 MPH)
Batting: LHB Ben Gamel 0-0: Foul Ball, location: 2F
0-1: Ball
1-1: Called Strike
1-2: Strikes out swinging
Batting: LHB Kole Calhoun 0-0: Ball
1-0: Called Strike
1-1: Ball
2-1: Swinging Strike
2-2: Ball
3-2: Foul Ball, location: 2F
3-2: Strikes out swinging
Top of the 6th over - 0 runs, 0 hits, 0 errors, 0 left on base; Atlanta 0 - Philadelphia 5
BOTTOM OF THE 6TH
Philadelphia Phillies batting - Pitching for Atlanta Braves : RHP Ivan Nova
Batting: RHB Todd Frazier 0-0: Ball
1-0: Ball
2-0: Ground out 6-3 (Groundball, 6S, EV 76.9 MPH)
Batting: RHB Josh Harrison 0-0: Swinging Strike
0-1: Swinging Strike
0-2: Strikes out swinging
Batting: RHB Carson Kelly 0-0: Ball
1-0: Ball
2-0: Ball
3-0: Called Strike
3-1: Called Strike
3-2: DOUBLE (Line Drive, 8LXD, EV 110.0 MPH)
Batting: RHB Emmanuel Ramirez 0-0: Called Strike
0-1: Ball
1-1: Foul Ball, location: 2F
1-2: Fly out, F8 (Line Drive, 8LD, EV 83.1 MPH)
Bottom of the 6th over - 0 runs, 1 hit, 0 errors, 1 left on base; Atlanta 0 - Philadelphia 5
TOP OF THE 7TH
Atlanta Braves batting - Pitching for Philadelphia Phillies : RHP Emmanuel Ramirez
Pitching: RHP Jake Petricka
Batting: LHB Lucas Duda 0-0: SOLO HOME RUN (Flyball, 9D, EV 103.1 MPH), Distance : 365 ft
Batting: RHB Pat Valaika 0-0: Ball
1-0: SINGLE (Groundball, 56S, EV 75.6 MPH) (infield hit)
Batting: RHB Jorge Alfaro 0-0: Ball
1-0: Called Strike
1-1: Swinging Strike
1-2: Grounds into double play, 4-6-3 (Groundball, 4, EV 95.0 MPH)
Batting: SHB Juniel Querecuto 0-0: Called Strike
0-1: Ball
1-1: Foul Ball, location: 2F
1-2: Ball
2-2: Foul Ball, location: 2F
2-2: Foul Ball, location: 2F
2-2: Ball
3-2: Strikes out swinging
Top of the 7th over - 1 run, 2 hits, 0 errors, 0 left on base; Atlanta 1 - Philadelphia 5
BOTTOM OF THE 7TH
Philadelphia Phillies batting - Pitching for Atlanta Braves : RHP Ivan Nova
Batting: LHB Leonys Martin 0-0: Called Strike
0-1: SOLO HOME RUN (Flyball, 9LD, EV 101.3 MPH), Distance : 360 ft
Batting: RHB Scott Kingery 0-0: DOUBLE (Flyball, 8RXD, EV 89.4 MPH)
Batting: RHB Giancarlo Stanton 0-0: Ball
1-0: Called Strike
1-1: Ball
2-1: Swinging Strike
2-2: Fly out, F7 (Flyball, 7, EV 93.8 MPH)
Batting: RHB Jesus Aguilar 0-0: Ball
1-0: Ball
2-0: SINGLE (Groundball, 4MD, EV 105.6 MPH)
Scott Kingery to third
Runner from 3rd tries for Home, SAFE, throw by CF to home
Jesus Aguilar to second
Batting: LHB David Peralta 0-0: Called Strike
0-1: Ball
1-1: Ball
2-1: Ball
3-1: Base on Balls
Batting: RHB Todd Frazier 0-0: Called Strike
0-1: 3-RUN HOME RUN (Flyball, 7D, EV 91.3 MPH), Distance : 370 ft
Pitching: RHP Frankie Montas
Batting: RHB Josh Harrison 0-0: Fly out, F8 (Line Drive, 8RD, EV 84.4 MPH)
Batting: RHB Carson Kelly 0-0: Called Strike
0-1: Ball
1-1: Ball
2-1: Called Strike
2-2: Ball
3-2: Ground out 4-3 (Groundball, 4M, EV 77.5 MPH)
Bottom of the 7th over - 5 runs, 4 hits, 0 errors, 0 left on base; Atlanta 1 - Philadelphia 10
TOP OF THE 8TH
Atlanta Braves batting - Pitching for Philadelphia Phillies : RHP Jake Petricka
Batting: RHB Frankie Montas 0-0: Swinging Strike
0-1: Ball
1-1: Foul Ball, location: 2F
1-2: Ball
2-2: Strikes out swinging
Batting: LHB Mallex Smith 0-0: Foul Ball, location: 2F
0-1: Foul Ball, location: 2F
0-2: Strikes out swinging
Batting: RHB Adeiny Hechavarria 0-0: Ball
1-0: Swinging Strike
1-1: Ball
2-1: Swinging Strike
2-2: Foul Ball, location: 2F
2-2: Foul Ball, location: 2F
2-2: Foul Ball, location: 2F
2-2: Foul Ball, location: 2F
2-2: Foul Ball, location: 2F
2-2: SINGLE (Groundball, 56D, EV 106.3 MPH)
Pitching: RHP Jamie Callahan
Batting: LHB Ben Gamel 0-0: Called Strike
0-1: Foul Ball, location: 2F
0-2: Ball
1-2: DOUBLE (Line Drive, 89D, EV 104.4 MPH)
Adeiny Hechavarria to third
Batting: LHB Kole Calhoun 0-0: Foul Ball, location: 2F
0-1: Swinging Strike
0-2: Fly out, F9 (Flyball, 9LSF, EV 77.5 MPH)
Top of the 8th over - 0 runs, 2 hits, 0 errors, 2 left on base; Atlanta 1 - Philadelphia 10
BOTTOM OF THE 8TH
Philadelphia Phillies batting - Pitching for Atlanta Braves : RHP Frankie Montas
Batting: RHB Jamie Callahan 0-0: Ball
1-0: Ball
2-0: Ball
3-0: Base on Balls
Batting: LHB Leonys Martin 0-0: Ball
1-0: Fielders Choice at 2nd, 3-6 (Groundball, 3, EV 80.6 MPH)
Batting: RHB Scott Kingery 0-0: Called Strike
0-1: Ball
1-1: DOUBLE (Line Drive, 9LM, EV 113.1 MPH)
Leonys Martin to third
Batting: RHB Giancarlo Stanton 0-0: Foul Ball, location: 2F
0-1: Ball
1-1: Foul Ball, location: 2F
1-2: Ball
2-2: SINGLE (Line Drive, 6M, EV 103.1 MPH)
Leonys Martin scores
Scott Kingery to third
Batting: RHB Jesus Aguilar 0-0: Foul Ball, location: 2F
0-1: Ball
1-1: Ball
2-1: Swinging Strike
2-2: Foul Ball, location: 2F
2-2: 3-RUN HOME RUN (Flyball, 7D, EV 91.3 MPH), Distance : 408 ft
Batting: LHB David Peralta 0-0: Ground out U3 (Groundball, 3S, EV 63.1 MPH)
Batting: RHB Todd Frazier 0-0: Ball
1-0: Ball
2-0: Ball
3-0: Called Strike
3-1: Ground out 5-3 (Groundball, 56, EV 108.8 MPH)
Bottom of the 8th over - 4 runs, 3 hits, 0 errors, 0 left on base; Atlanta 1 - Philadelphia 14
TOP OF THE 9TH
Atlanta Braves batting - Pitching for Philadelphia Phillies : RHP Jamie Callahan
Batting: LHB Lucas Duda 0-0: Called Strike
0-1: Swinging Strike
0-2: Ball
1-2: Strikes out swinging
Batting: RHB Pat Valaika 0-0: Foul Ball, location: 2F
0-1: Foul Ball, location: 2F
0-2: Ball
1-2: Ball
2-2: Foul Ball, location: 2F
2-2: Ball
3-2: Foul Ball, location: 2F
3-2: Strikes out looking
Batting: RHB Jorge Alfaro 0-0: Foul Ball, location: 2F
0-1: Foul Ball, location: 2F
0-2: Fly out, F9 (Line Drive, 9, EV 92.5 MPH)
Top of the 9th over - 0 runs, 0 hits, 0 errors, 0 left on base; Atlanta 1 - Philadelphia 14
Tuesday, December 17th, 2019 - OOTP Baseball 20.8 Build 73